 Dungeon Crawl Stone Soup version 0.31-a0-232-gb1c03b2570 (webtiles) character file.

Game seed: 9258184753775714932

596 qw the Shooter (level 7, -14/59 HPs)
             Began as a Minotaur Hexslinger on July 6, 2023.
             Demolished by Edmund
             ... wielding a +2 heavy flail
              (19 damage)
             ... on level 5 of the Dungeon.
             The game lasted 00:01:29 (4137 turns).

qw the Shooter (Minotaur Hexslinger)                Turns: 4137, Time: 00:01:29

Health: -14/59     AC:  7    Str: 12    XL:     7   Next: 17%
Magic:  7/7        EV: 11    Int: 10    God:
Gold:   210        SH:  0    Dex: 15    Spells: 7/8 levels left

rFire   . . .        Y - +2 sling
rCold   . . .        (no shield)
rNeg    . . .        a - +0 ring mail
rPois   .            (helmet restricted)
rElec   .            (no cloak)
rCorr   .            f - +0 pair of gloves
SInv    .            c - +0 pair of boots
Will    .....        i - amulet of faith
Stlth   +            (no ring)
HPRegen 0.29/turn    (no ring)
MPRegen 0.10/turn

%: faith
@: no status effects
A: horns 2, retaliatory headbutt
a: no special abilities


You were on level 5 of the Dungeon.
You visited 1 branch of the dungeon, and saw 5 of its levels.

You collected 262 gold pieces.
You spent 52 gold pieces at shops.


Innate Abilities, Weirdness & Mutations

You have a pair of horns on your head.
You reflexively headbutt those who attack you in melee.


   Skills:
 - Level 4.0 Fighting
 + Level 7.5 Ranged Weapons
 - Level 2.3 Armour
 - Level 2.1 Dodging
 - Level 1.0 Spellcasting
 - Level 2.0 Hexes


You had 7 spell levels left.
You knew the following spells:

 Your Spells              Type           Power      Damage    Failure   Level
a - Slow                  Hex            16%        N/A       32%         1

Your spell library contained the following spells:

 Spells                   Type           Power      Damage    Failure   Level
 Inner Flame              Hex/Fire       2%         N/A       83%         3
 Portal Projectile        Hex/Tloc       4%         N/A       83%         3
 Cause Fear               Hex            2%         N/A       97%         4

Inventory:

Hand Weapons
 Y - a +2 sling (weapon)
Armour
 a - a +0 ring mail (worn)
 c - a +0 pair of boots (worn)
 f - a +0 pair of gloves (worn)
Jewellery
 i - an amulet of faith (around neck)
Scrolls
 b - 3 scrolls of teleportation {unknown}
 g - a scroll of identify
Potions
 e - 2 potions of curing

Dungeon Overview and Level Annotations

Branches:
Dungeon (5/15)
 Temple: D:4-7

Altars:
Trog
Xom
Yredelemnul

Shops:
D:1 ?   D:2 !

Annotations:
D:5 Edmund


Message History

Edmund is moderately wounded.
Edmund barely misses you.
You shoot a sling bullet.
The sling bullet hits Edmund but does no damage.
Edmund is moderately wounded.
Edmund hits you with a +2 heavy flail!
You shoot a sling bullet. The sling bullet hits Edmund.
Edmund is heavily wounded.
You shoot a sling bullet. The sling bullet barely misses Edmund.
Edmund hits you with a +2 heavy flail!
You shoot a sling bullet.
The sling bullet hits Edmund but does no damage.
Edmund is heavily wounded.
Edmund barely misses you.
You shoot a sling bullet. The sling bullet closely misses Edmund.
You shoot a sling bullet. The sling bullet closely misses Edmund.
Edmund says, "You wouldn't believe how much I paid for this flail."
Edmund hits you with a +2 heavy flail.
4130 ||| DRINKING potion of heal wounds.
You feel much better. Edmund hits you with a +2 heavy flail!
You shoot a sling bullet. The sling bullet closely misses Edmund.
Edmund completely misses you.
You shoot a sling bullet. The sling bullet hits Edmund.
Edmund is heavily wounded.
You shoot a sling bullet. The sling bullet closely misses Edmund.
Edmund hits you with a +2 heavy flail.
You shoot a sling bullet. The sling bullet hits Edmund!
Edmund is severely wounded.
Edmund hits you with a +2 heavy flail.
You shoot a sling bullet.
The sling bullet hits Edmund but does no damage.
Edmund is severely wounded.
Edmund barely misses you.
You shoot a sling bullet.
The sling bullet hits Edmund but does no damage.
Edmund is severely wounded.
You shoot a sling bullet. The sling bullet barely misses Edmund.
Edmund hits you with a +2 heavy flail!!
You die...

#.....)......................
####..##.......#####.....##.#
########..##.#####.# #######.##.#
.......)..##.......# #..........#
########.#########.###.#####.####
#.# #..!..# #.# #.# ####### #.#
#.# ########### #.#
#.#####..@@...... ..#
#.......######### ### #########


You could see Edmund.

Vanquished Creatures
  Menkaure (D:5)
  An ogre (D:5)
  3 hounds
  A sleepcap (D:5)
  2 scorpion zombies (D:4)
  An orc wizard (D:3)
  11 adders
  A river rat (D:3)
  4 worms
  4 dart slugs
  7 orcs
  5 ball pythons
  3 bats
  5 endoplasms
  4 giant cockroaches
  4 hobgoblins
  7 jackals
  A quokka (D:2)
  3 frilled lizards
  8 goblins
  9 kobolds
  3 rats
88 creatures vanquished.

Notes
Turn   | Place    | Note
-------+----------+-------------------------------------------
     0 | D:1      | qw the Minotaur Hexslinger began the quest for the Orb.
     0 | D:1      | Reached XP level 1. HP: 16/16 MP: 1/1
     0 | D:1      | 0 ||| qw: Version: 0.3-a-46-gb1f654a
     0 | D:1      | 0 ||| qw: Game counter: 2093
     0 | D:1      | 0 ||| qw: Melee chars always use a shield: true
     0 | D:1      | 0 ||| qw: God list: Okawaru
     0 | D:1      | 0 ||| qw: Allow faded altars: false
     0 | D:1      | 0 ||| qw: Do Orc after clearing Dungeon:15 true
     0 | D:1      | 0 ||| qw: Do second Lair branch before Depths: true
     0 | D:1      | 0 ||| qw: Lair rune preference: random
     0 | D:1      | 0 ||| qw: Goals: Normal
     0 | D:1      | 0 ||| PLANNING D:1-11
    57 | D:1      | Reached skill level 3 in Ranged Weapons
    57 | D:1      | Reached XP level 2. HP: 23/23 MP: 2/2
    95 | D:1      | Found a faded altar of an unknown god.
   214 | D:1      | Found Ynlymau's Magic Scroll Boutique.
   225 | D:1      | 225 ||| SHOPLISTING scroll of enchant armour (82 gold, have
                  | 38).
   225 | D:1      | 225 ||| BUYING scroll of identify (22 gold).
   225 | D:1      | Bought a scroll of identify for 22 gold pieces
   225 | D:1      | 225 ||| SHOPLISTING scroll of identify (22 gold, have 16).
   582 | D:1      | 582 ||| UPGRADING to +0 pair of gloves.
   587 | D:1      | 587 ||| READING scroll labelled BYASCHE QEIJ.
   588 | D:1      | 588 ||| READING scroll labelled ACVUTHE XITZE.
   589 | D:1      | 589 ||| DRINKING 2 inky potions.
   635 | D:1      | 635 ||| DROPPING scroll of poison.
   636 | D:1      | 636 ||| DROPPING potion of lignification.
   650 | D:2      | 650 ||| STAIRDANCE
   651 | D:1      | HP: 6/24 [poisoned by an adder]
   656 | D:1      | Reached XP level 3. HP: 6/29 MP: 3/3
   980 | D:2      | Found Egonter's Distillery.
   992 | D:2      | 992 ||| SHOPLISTING 2 potions of curing (60 gold, have 30).
   992 | D:2      | 992 ||| SHOPLISTING potion of cancellation (80 gold, have
                  | 30).
   992 | D:2      | 992 ||| BUYING potion of curing (30 gold).
   992 | D:2      | Bought a potion of curing for 30 gold pieces
   992 | D:2      | 992 ||| SHOPLISTING potion of enlightenment (50 gold, have
                  | 0).
   992 | D:2      | 992 ||| SHOPLISTING potion of haste (100 gold, have 0).
   992 | D:2      | 992 ||| SHOPLISTING potion of heal wounds (50 gold, have
                  | 0).
   992 | D:2      | 992 ||| SHOPLISTING potion of might (40 gold, have 0).
  1344 | D:2      | 1344 ||| READING scroll labelled VENWADAIWI.
  1345 | D:2      | 1345 ||| READING 2 scrolls of identify.
  1345 | D:2      | 1345 ||| IDENTIFYING yellow potion
  1355 | D:3      | 1355 ||| PLANNING SEWER
  1398 | D:3      | Reached skill level 4 in Ranged Weapons
  1495 | D:3      | HP: 7/29 [orc/+0 war axe (4)]
  1496 | D:3      | Reached XP level 4. HP: 9/36 MP: 4/4
  1496 | D:3      | 1496 ||| DRINKING potion of heal wounds.
  2137 | D:3      | 2137 ||| RIP SEWER
  2138 | D:3      | 2138 ||| PLANNING D:1-11
  2153 | D:3      | Reached skill level 5 in Ranged Weapons
  2270 | D:3      | Reached skill level 3 in Fighting
  2344 | D:3      | 2344 ||| UPGRADING to +0 ring mail.
  2354 | D:3      | 2354 ||| DROPPING +0 leather armour.
  2355 | D:3      | 2355 ||| DROPPING +0 robe.
  2356 | D:3      | 2356 ||| UPGRADING to amulet of faith.
  2361 | D:3      | 2361 ||| READING scroll labelled ZUROCHU IMAOC.
  2426 | D:4      | Reached XP level 5. HP: 45/45 MP: 5/5
  2427 | D:4      | 2427 ||| STAIRDANCE
  2442 | D:3      | Reached skill level 1 in Armour
  2631 | D:4      | 2631 ||| FLEEEEING.
  2730 | D:4      | Found a shimmering altar of Xom.
  2730 | D:4      | Found a bloodstained altar of Trog.
  3231 | D:4      | Reached skill level 6 in Ranged Weapons
  3241 | D:4      | Reached XP level 6. HP: 29/51 MP: 6/6
  3322 | D:4      | Found a basalt altar of Yredelemnul.
  3392 | D:4      | 3392 ||| UPGRADING to +0 pair of boots.
  3397 | D:4      | 3397 ||| READING scroll labelled HEUFREL WUMN.
  3398 | D:4      | 3398 ||| READING 3 scrolls of identify.
  3398 | D:4      | 3398 ||| IDENTIFYING coppery potion
  3399 | D:4      | 3399 ||| READING 2 scrolls of identify.
  3399 | D:4      | 3399 ||| IDENTIFYING ruby potion
  3400 | D:4      | 3400 ||| DROPPING potion of degeneration.
  3401 | D:4      | 3401 ||| DROPPING potion of brilliance.
  3417 | D:5      | Entered Level 5 of the Dungeon
  3423 | D:5      | 3423 ||| STAIRDANCE
  3768 | D:5      | Noticed Menkaure
  3777 | D:5      | Killed Menkaure
  3778 | D:5      | Reached skill level 7 in Ranged Weapons
  3888 | D:5      | Reached XP level 7. HP: 57/59 MP: 7/7
  4114 | D:5      | Noticed Edmund
  4129 | D:5      | HP: 10/59 [Edmund/+2 heavy flail (6)]
  4130 | D:5      | 4130 ||| DRINKING potion of heal wounds.
  4134 | D:5      | HP: 4/59 [Edmund/+2 heavy flail (2)]
  4137 | D:5      | Demolished by Edmund

Levels and vault maps discovered:
D:1:      scummos_arrival_simple_fountains, layout_rooms,
          shapermc_ecumenical_altar_rom_forum, serial_shops, shop,
          chequers_serial_rivers_small_b, minmay_misc_feat_diagonals
D:2:      layout_basic, serial_shops, nicolae_shop_waterfront
D:3:      layout_basic, lightli_sewer_entry_pipes
D:4:      layout_loops_cross, jmf_multi_god_temple,
          lemuel_zombie_altar_yredelemnul
D:5:      layout_loops_ring, minmay_temple_entry_nine_rooms, uniq_menkaure,
          uniq_edmund

Skill      XL: |  1  2  3  4  5  6 |
---------------+-------------------+-----
Ranged Weapons | 3 4 5 6 7 |  7.5
Fighting       | 2 3 4 |  4.0
Armour         | 1 2 |  2.3
Dodging        | |  2.1
Spellcasting   | |  1.0
Hexes          | |  2.0

Action                     |  1- 3 |  4- 6 |  7- 9 || total
---------------------------+-------+-------+-------++-------
   Fire: Sling             |    96 |   253 |    28 ||   377
    Use: Scroll            |     4 |     4 |       ||     8
         Potion            |     1 |     1 |     1 ||     3
 Armour: Robe              |    10 |     6 |       ||    16
         Ring mail         |       |    51 |       ||    51
  Dodge: Dodged            |    33 |    81 |     4 ||   118

Table legend:
 A = Non-vault XP
 B = Vault XP
 C = Vault XP percentage of total XP
 D = Non-vault monster count
 E = Vault monster count
 F = Vault count percentage of total count
                 A         B        C        D         E       F
            +---------+---------+-------+---------+---------+-------
      Total |     523 |     329 |  38.6 |      74 |      14 |  15.9
            +---------+---------+-------+---------+---------+-------
        D:1 |      40 |       0 |   0.0 |      18 |       0 |   0.0
        D:2 |      18 |       0 |   0.0 |      10 |       0 |   0.0
        D:3 |     108 |      69 |  39.0 |      17 |       9 |  34.6
        D:4 |     103 |      88 |  46.1 |      22 |       4 |  15.4
        D:5 |     254 |     172 |  40.4 |       7 |       1 |  12.5
            +---------+---------+-------+---------+---------+-------
